 Dungeon Crawl Stone Soup version 0.30-a0-575-g6f4a10e2d2 (webtiles) character file.

Game seed: 13655667459849902664

124 Bnni the Shield-Bearer (level 5, -1/28 HPs)
             Began as a Vine Stalker Fighter on Dec 30, 2022.
             Slain by a hobgoblin (4 damage)
             ... on level 2 of the Dungeon.
             The game lasted 00:02:32 (2025 turns).

Bnni the Shield-Bearer (Vine Stalker Fighter)       Turns: 2025, Time: 00:02:32

Health: -1/28      AC:  8    Str: 18    XL:     5   Next: 8%
Magic:  0/15       EV:  6    Int:  8    God:
Gold:   117        SH:  5    Dex: 16    Spells: 4/4 levels left

rFire   . . .      SeeInvis .    a - +0 rapier
rCold   . . .      Faith    .    c - +0 buckler
rNeg    . . .      Spirit   +    h - +0 chain mail
rPois   .          Reflect  .    (no helmet)
rElec   .          Harm     .    (no cloak)
rCorr   .          Rampage  .    (no gloves)
Will    .....                    (no boots) Stlth
                                 (no amulet)
HPRegen 1.04/turn                f - ring of magical power
MPRegen 0.14/turn                (no ring)

@: no status effects
A: fangs 2, regeneration 1, magic shield, antimagic bite, no potion heal 2
a: no special abilities


You were on level 2 of the Dungeon.
You visited 1 branch of the dungeon, and saw 3 of its levels.

You collected 117 gold pieces.

Inventory:

Hand Weapons
 a - a +0 rapier (weapon)
Armour
 c - a +0 buckler (worn)
 h - a +0 chain mail (worn)
Jewellery
 f - a ring of magical power (left hand)
Scrolls
 e - 2 scrolls of blinking {unknown}
 g - a scroll of amnesia {unknown}
 j - a scroll of torment {unknown}
 k - a scroll of enchant weapon {unknown}
Potions
 b - 2 potions of brilliance {unknown}
 d - a potion of might
 i - a potion of attraction {unknown}
 l - a potion of degeneration {unknown}
 m - a potion of curing {unknown}
 n - a potion of heal wounds {unknown}


   Skills:
 + Level 3.2 Fighting
 * Level 3.2 Short Blades
 - Level 2.4 Armour
 * Level 3.8 Shields


You had 4 spell levels left.
You didn't know any spells.
Your spell library contained the following spells:

 Spells                   Type           Power      Damage    Failure   Level
 Cigotuvi's Dreadful Rot  Necr/Pois/Air  0%         N/A       100%        2
 Poisonous Vapours        Pois/Air       0%         N/A       100%        2
 Mephitic Cloud           Conj/Pois/Air  0%         N/A       100%        3


Dungeon Overview and Level Annotations

Branches:
Dungeon (3/15)

Altars:


Innate Abilities, Weirdness & Mutations

You have extremely sharp teeth.
Your natural rate of healing is unusually fast.
When hurt, damage is shared between your health and your magic reserves.
Your bite disrupts and absorbs the magic of your enemies.
Potions cannot restore your health.


Message History

You closely miss the adder. Your bite misses the adder.
The adder is lightly wounded.
The adder barely misses you. The hobgoblin barely misses you.
You block the gnoll's attack. The adder bites you but does no damage.
You hit the adder. Your bite misses the adder.
The adder is heavily wounded.
The gnoll barely misses you. The hobgoblin hits you.
The adder bites you but does no damage. The gnoll hits you but does no damage.
The hobgoblin closely misses you.
You completely miss the adder.
The adder is heavily wounded.
You block the adder's attack. The adder barely misses you.
The gnoll barely misses you. The hobgoblin barely misses you.
You miss the adder.
The adder is heavily wounded.
The adder bites you but does no damage. You block the gnoll's attack.
You block the hobgoblin's attack.
You closely miss the adder. Your bite misses the adder.
The adder is heavily wounded.
You block the adder's attack. The hobgoblin hits you.
The gnoll hits you with a +0 halberd. The adder closely misses you.
You hit the adder. Your bite misses the adder.
The adder is severely wounded.
The adder bites you but does no damage. The gnoll hits you with a +0 halberd!
* * * LOW HITPOINT WARNING * * *
The hobgoblin hits you but does no damage.
You hit the adder.
You kill the adder!
You block the hobgoblin's attack. The gnoll hits you with a +0 halberd!
* * * LOW HITPOINT WARNING * * *
Unknown command.
Okay, then.
Throw: throwing net
Press: ? - help, Shift-Dir - straight line, f - gnoll
Aim: a gnoll, wielding a +0 halberd (64% to hit)
You throw a throwing net. The throwing net hits the gnoll.
The gnoll is caught in the net!
The hobgoblin barely misses you.
The gnoll struggles against the net.
You barely miss the gnoll. The hobgoblin hits you.
You die...

....................># #.#
.....#.........#####.# #.#
...........#......##.##########.#
...........#......##.............
.#+#.......#......##.############
.+.........#.#######.#
.#.#....#...##.....###
##.#....+...#.......##
...######.......@g...#
...+.####....⌠.g.).⌠.#####
...#.....................#
...............⌠.⌠....##.#
.....................###.#
#......##....⌠.....⌠.# #.#
#......##.......<....# #.#
......###...#.......## #.#
......###...##.....### #.#


You could see a gnoll (caught) and a hobgoblin.

Vanquished Creatures
  4 gnolls (D:2)
  3 adders (D:2)
  A worm (D:2)
  A dart slug (D:1)
  5 orcs (D:2)
  3 bats
  2 endoplasms (D:2)
  2 giant cockroaches
  4 goblins
  4 hobgoblins
  6 jackals
  A quokka (D:1)
  3 ball pythons (D:2)
  2 frilled lizards (D:2)
  5 kobolds
  2 rats (D:1)
48 creatures vanquished.

Notes
Turn   | Place    | Note
-------+----------+-------------------------------------------
     0 | D:1      | Bnni the Vine Stalker Fighter began the quest for the Orb.
     0 | D:1      | Reached XP level 1. HP: 11/11 MP: 2/2
   149 | D:1      | Reached XP level 2. HP: 16/16 MP: 3/3
   799 | D:2      | Reached XP level 3. HP: 9/19 MP: 4/4
  1114 | D:2      | Gained mutation: Your natural rate of healing is unusually
                  | fast. [Vine Stalker growth]
  1114 | D:2      | Reached XP level 4. HP: 16/24 MP: 5/5
  1942 | D:2      | Reached XP level 5. HP: 13/28 MP: 5/6
  2023 | D:2      | HP: 1/28 [gnoll/+0 halberd (6)]
  2025 | D:2      | Slain by a hobgoblin

Illustrated notes

Levels and vault maps discovered:
D:1:      roderic_octagonal_star, layout_loops_ring
D:2:      layout_basic, grunt_ministairs_10, minmay_misc_feat_secret_circle
D:3:      layout_basic, mainiacjoe_overflow_alcove_4, nicolae_ru_path_of_blood,
          nicolae_overflow_hidden_temple

Skill      XL: |  1  2  3  4 |
---------------+-------------+-----
Short Blades   | 2 3 |  3.2
Shields        | 3 |  3.8
Fighting       | 3 |  3.2
Armour         | |  2.4

Action                   |  1- 3 |  4- 6 || total
-------------------------+-------+-------++-------
Melee: Rapier            |   105 |    61 ||   166
       Bite              |    23 |    12 ||    35
Throw: Throwing net      |       |     1 ||     1
Armor: Scale mail        |    29 |       ||    29
       Chain mail        |     2 |    45 ||    47
Dodge: Dodged            |    33 |    37 ||    70
Block: Buckler           |    18 |    22 ||    40

Table legend: (Time is in decaauts)
 A = Elapsed time spent in this place.
 B = Non-inter-level travel time spent in this place.
 C = Inter-level travel time spent in this place.
 D = Time resting spent in this place.
 E = Time spent auto-exploring this place.
 F = Levels seen in this place.
 G = Mean time per level.
                   A        B        C        D        E       F      G
               +--------+--------+--------+--------+--------+-----+--------+
         Total |   2046 |   1997 |     49 |    121 |   1523 |   3 |  682.0 |
       Dungeon |   2046 |   1997 |     49 |    121 |   1523 |   3 |  682.0 |
               +--------+--------+--------+--------+--------+-----+--------+

Top non-repeatable levels by time:
     D:2: 1278 daAuts
     D:1: 751 daAuts
     D:3: 16 daAuts
